 Dungeon Crawl Stone Soup version 0.27-a0-92-g39ad13b146 (webtiles) character file.

Game seed: 11429320003986662037

36 kae the Insei (level 3, -8/23 HPs)
             Began as an Octopode Transmuter on Jan 15, 2021.
             Killed from afar by Natasha (9 damage)
             ... with a magic dart
             ... on level 2 of the Dungeon.
             The game lasted 00:01:09 (1685 turns).

kae the Insei (Octopode Transmuter)                 Turns: 1685, Time: 00:01:09

Health: -8/23      AC:  1    Str: 10    XL:     3   Next: 37%
Magic:  6/6        EV: 13    Int: 15    God:
Gold:   128        SH:  0    Dex: 12    Spells: 5/6 levels left

rFire    + . .     SeeInvis .     - Unarmed
rCold    + . .     Faith    .   (no shield)
rNeg     . . .     Spirit   .   (helmet currently unavailable)
rPois    +         Reflect  .   (no amulet)
rElec    +         Harm     .   f - ring of attention (curse)
rCorr    +         Rampage  .   (no ring)
Will     .....                  (no ring)
Stlth    +.........             (no ring)
HPRegen  0.07/turn              (no ring)
MPRegen  0.10/turn              (no ring)
                                (no ring)
                                (no ring)

@: appendages (expiring), resistant, slowed, very slow
A: almost no armour, stealthy swim, amphibious, 8 rings, constrict 8, tentacle
spike 3, camouflage 1, gelatinous body 1
a: End Transformation


You were on level 2 of the Dungeon.
One of your tentacles had a temporary spike.
You visited 1 branch of the dungeon, and saw 2 of its levels.

You collected 128 gold pieces.

Inventory:

Jewellery
 f - a cursed ring of attention (left tentacle)
Scrolls
 a - 2 scrolls of remove curse
 c - a scroll of identify
 d - a scroll of magic mapping {unknown}
Potions
 b - a potion of curing


   Skills:
 + Level 1.5 Fighting
 + Level 2.3 Dodging
 * Level 3.4 Unarmed Combat
 + Level 2.2 Spellcasting
 + Level 2.3 Transmutations


You had 5 spell levels left.
You knew the following spells:

 Your Spells              Type           Power        Failure   Level
a - Beastly Appendage     Tmut           16%          9%          1

Your spell library contained the following spells:

 Spells                   Type           Power        Failure   Level
 Wereblood                Tmut           8%           13%         2
 Spider Form              Tmut/Pois      2%           38%         3
 Ice Form                 Ice/Tmut       5%           80%         4
 Blade Hands              Tmut           4%           93%         5


Dungeon Overview and Level Annotations

Branches:
Dungeon (2/15)

Altars:
Ashenzari

Annotations:
D:2 Natasha


Innate Abilities, Weirdness & Mutations

You cannot wear most types of armour.
You are very stealthy in the water. (Stealth+)
You are amphibious.
You can wear up to eight rings at the same time.
You can use your tentacles to constrict eight enemies at once.
Your skin changes colour to match your surroundings (Stealth+).
Your rubbery body absorbs attacks. (AC +1, EV +1)
One of your tentacles bears a large vicious spike.


Message History

You barely miss Natasha. Your grab misses Natasha. Your squeeze misses Natasha.
Natasha is moderately wounded.
Natasha stares at you and mumbles some strange words.
You feel yourself slow down.
You tentacle-slap Natasha. Your grab misses Natasha.
Natasha is heavily wounded.
Natasha stares at you and mumbles some strange words.
You resist with significant effort. Natasha claws you.
* * * LOW HITPOINT WARNING * * *
You closely miss Natasha. You grab Natasha.
Natasha is heavily wounded.
You constrict Natasha, but do no damage.
Natasha claws you.
* * * LOW HITPOINT WARNING * * *
It was a potion of resistance.
You feel protected.
You constrict Natasha.
Natasha stares at you and mumbles some strange words.
The magic dart hits you!
You die...

##.######......##.#.......
#...........####.#.#####.
########.#..## #.#.#...#.
#.#...# #.#.#.#.#.
#.#...###.#.#.#.#.
#.......#.#.#...#.
#....>....#.#.#.#.
#.#####.###.#..<#. #@# #.#
#(###.#. #h# ###.#
#.....#. .h......#
#...#########. .#..#...#
#...........#. .. .....#
#...######.... ..#...#
##### #..#. ........#
#.... ######### #....
#####


You could see Natasha.

Vanquished Creatures
  A worm (D:2)
  3 dart slugs (D:1)
  2 leopard geckos
  A giant cockroach (D:1)
  4 goblins
  2 hobgoblins (D:1)
  A kobold (D:1)
  2 bats (D:1)
  5 frilled lizards
  6 rats
27 creatures vanquished.

Vanquished Creatures (others)
  A plant (D:2)
1 creature vanquished.

Grand Total: 28 creatures vanquished

Notes
Turn   | Place    | Note
-------+----------+-------------------------------------------
     0 | D:1      | kae the Octopode Transmuter began the quest for the Orb.
     0 | D:1      | Reached XP level 1. HP: 13/13 MP: 3/3
   224 | D:1      | Reached XP level 2. HP: 16/18 MP: 3/5
   835 | D:1      | Reached XP level 3. HP: 23/23 MP: 4/6
  1625 | D:2      | Found a broken altar of Ashenzari.
  1639 | D:2      | Saw a vision of the Swamp and the Snake Pit.
  1639 | D:2      | Noticed a naga sharpshooter
  1639 | D:2      | Noticed a goliath frog
  1639 | D:2      | Noticed a goliath frog
  1639 | D:2      | Noticed a guardian serpent
  1666 | D:2      | Noticed Natasha
  1684 | D:2      | HP: 1/23 [Natasha (2)]
  1685 | D:2      | Killed from afar by Natasha

Illustrated notes

Levels and vault maps discovered:
D:1:      scummos_arrival_forest, layout_basic, st_stairs_4,
          minmay_strange_pillars
D:2:      layout_basic, nrook_mini_vaults, minmay_misc_feat_square,
          columned_hall_lemuel, supply_closet_lemuel, grunt_ashenzari_visionary
          [grunt_ashenzari_visionary_swamp, grunt_ashenzari_visionary_snake],
          uniq_natasha

Action                   || total
-------------------------++-------
Melee: Unarmed           ||    61
       Constrict         ||    18
       Kick              ||    14
       Tentacles         ||     6
       Punch             ||     2
 Cast: Beastly Appendage ||    21
  Use: Scroll            ||     2
       Potion            ||     1
 Stab: Sleeping          ||     3
Armor: Skin              ||     2
Dodge: Dodged            ||    32

Table legend: (Time is in decaauts)
 A = Elapsed time spent in this place.
 B = Non-inter-level travel time spent in this place.
 C = Inter-level travel time spent in this place.
 D = Time resting spent in this place.
 E = Time spent auto-exploring this place.
 F = Levels seen in this place.
 G = Mean time per level.
                   A        B        C        D        E       F      G
               +--------+--------+--------+--------+--------+-----+--------+
         Total |   1681 |   1661 |     20 |      4 |   1460 |   2 |  840.5 |
       Dungeon |   1681 |   1661 |     20 |      4 |   1460 |   2 |  840.5 |
               +--------+--------+--------+--------+--------+-----+--------+

Top non-repeatable levels by time:
     D:1: 1030 daAuts
     D:2: 650 daAuts
